 Dungeon Crawl Stone Soup version 0.20-a0-150-g0ef8409 (webtiles) character file.

239 FitzyFitz the Chopper (level 5, -8/45 HPs)
             Began as a Deep Dwarf Warper on Nov 21, 2016.
             Mangled by an orc priest
             ... wielding a +0 trident
              (9 damage)
             ... on level 3 of the Dungeon.
             The game lasted 00:12:21 (3887 turns).

FitzyFitz the Chopper (Deep Dwarf Warper)           Turns: 3887, Time: 00:12:21

Health: -8/45      AC:  6    Str: 14 (15) XL:     5   Next: 79%
Magic:  7/7        EV: 12    Int: 14      God:
Gold:   187        SH:  0    Dex: 12      Spells: 7/7 levels left

rFire  + . .     SeeInvis .     k - +0 whip (curse)
rCold  + . .     Gourm    .     s - +1 leather armour
rNeg   . . .     Faith    .     (no shield)
rPois  +         Spirit   .     (no helmet)
rElec  +         Reflect  .     (no cloak)
rCorr  +         Harm     .     v - +1 pair of gloves
MR     .....                    (no boots)
Stlth  +.........               (no amulet)
                                (no ring)
                                (no ring)

@: resistant, non-regenerating
A: damage resistance, recharge devices, sense surroundings 1, slow regeneration
3
a: Device Recharging


You were on level 3 of the Dungeon.
You were not hungry.

You visited 1 branch of the dungeon, and saw 3 of its levels.

You collected 187 gold pieces.

Inventory:

Hand Weapons
 a - a +0 hand axe
 b - a +0 hunting sling
 k - a cursed +0 whip (weapon)
 n - a +0 mace of protection
 y - a cursed +0 war axe
Missiles
 o - 15 bolts
 p - 23 sling bullets
 r - 16 stones (quivered)
Armour
 j - a +4 scale mail
 s - a +1 leather armour (worn)
 v - a +1 pair of gloves (worn)
Wands
 e - a wand of flame (0/48)
 f - a wand of heal wounds (2/9)
Scrolls
 d - a scroll of blinking
 i - 3 scrolls of identify
 t - 3 scrolls of recharging
Potions
 h - a potion of resistance
 l - 2 potions of cure mutation
 q - a potion of agility
 u - a potion of curing
Books
 c - a book of Spatial Translocations

   Spells                             Type                      Level
   a - Blink                          Translocation                2
   b - Shroud of Golubria             Charms/Translocation         2
   c - Lesser Beckoning               Translocation                3
   d - Portal Projectile              Translocation                3
   e - Teleport Other                 Translocation                3
   f - Passage of Golubria            Translocation                4
Comestibles
 g - a bread ration
 m - a beef jerky


   Skills:
 - Level 1.7 Fighting
 + Level 6.7 Axes
 - Level 0.8 Throwing
 - Level 1.1 Armour
 - Level 2.1 Dodging
 - Level 1.7 Spellcasting
   Level 3.2 Translocations


You had 7 spell levels left.
You didn't know any spells.

Dungeon Overview and Level Annotations

Branches:
Dungeon (3/15)

Altars:
Dithmenos
Fedhas
Okawaru
Qazlal
Sif Muna
Trog
Vehumet


Innate Abilities, Weirdness & Mutations

You are resistant to damage.
You can recharge devices by infusing magical energy.
You passively map a small area around you.
You do not regenerate.


Message History

The orc priest hits you from afar with a trident.
The orc wizard gestures at you while chanting.
The puff of flame hits you! You resist.
* * * LOW HITPOINT WARNING * * *
The orc priest calls upon Beogh to heal the orc wizard.
The orc wizard's wounds heal themselves!
The orc wizard gestures at you while chanting.
The puff of frost hits you! You resist.
* * * LOW HITPOINT WARNING * * *
You hit the orc priest.
The orc priest is lightly wounded.
The orc priest closely misses you.
The orc priest invokes the aid of Beogh against you.
Beogh smites you!
* * * LOW HITPOINT WARNING * * *
You hear a shout! x2
You closely miss the orc priest.
The orc priest is lightly wounded.
The orc priest hits you from afar with a trident!
You die...

##.##### ###.###
####...## #......#
#.....#####........
####..#####
###................
#.....#### ,
###.#####.#.....#
#.###....# ,,* #...
...##..... #.#
#....# ,',
+.##.######.###
#.###..### ,,#.## #
### #......###
####.# ,*
###.#....# , #@oo.#
#.#..###* ###oo#
#.#..# ** **#.g#
#....# #....r.g...#
##..<# #.......##.#
#...#####..###.##
.# #......##..# #>
*,# *
#)#.##.##..#..., ,,
* #.#............ ,
**


You could see 3 orc priests, an orc wizard and a hobgoblin.

Vanquished Creatures
  Purgy (D:3)
  Terence (D:2)
  5 adders
  An ooze (D:2)
  2 dart slugs
  2 leopard geckos (D:3)
  7 orcs (D:3)
  A ball python (D:2)
  6 bats
  3 giant cockroaches
  7 goblins
  6 hobgoblins
  8 frilled lizards
  9 kobolds
  7 rats
66 creatures vanquished.

Vanquished Creatures (others)
  A fungus (D:2)
1 creature vanquished.

Grand Total: 67 creatures vanquished

Notes
Turn   | Place    | Note
-------+----------+-------------------------------------------
     0 | D:1      | FitzyFitz the Deep Dwarf Warper began the quest for the Orb.
     0 | D:1      | Reached XP level 1. HP: 19/19 MP: 3/3
    98 | D:1      | Reached skill level 3 in Axes
   143 | D:1      | Reached XP level 2. HP: 26/26 MP: 4/4
   810 | D:2      | Reached skill level 4 in Axes
   810 | D:2      | Reached XP level 3. HP: 28/32 MP: 5/5
  1020 | D:2      | Found a stormy altar of Qazlal.
  1059 | D:2      | Found an iron altar of Okawaru.
  1450 | D:2      | Reached XP level 4. HP: 30/39 MP: 6/6
  1603 | D:2      | Noticed Terence
  1631 | D:2      | Killed Terence
  1631 | D:2      | Reached skill level 5 in Axes
  1719 | D:2      | Found a blossoming altar of Fedhas.
  2090 | D:3      | Noticed Purgy
  2130 | D:3      | Killed Purgy
  2130 | D:3      | Reached skill level 6 in Axes
  2130 | D:3      | Reached XP level 5. HP: 28/45 MP: 7/7
  3495 | D:3      | Found a bloodstained altar of Trog.
  3500 | D:3      | Found a radiant altar of Vehumet.
  3516 | D:3      | Found a shadowy altar of Dithmenos.
  3526 | D:3      | Found a deep blue altar of Sif Muna.
  3886 | D:3      | HP: 1/45 [orc priest/divine providence (9)]
  3887 | D:3      | Mangled by an orc priest

Vault maps used:
D:1:      lemuel_arrival_room
D:2:      okawaru_gym_becter, lemuel_crystal_altar, fedhas_altar_3,
          grunt_ministairs_4, serial_park_tiny_2, minmay_lizard_pond,
          uniq_terence
D:3:      grunt_temple_overflow_cloverleaf, minmay_goblin_kobold_house,
          uniq_purgy

Skill      XL: |  1  2  3  4 |
---------------+-------------+-----
Axes           | 3 4 6 |  6.7
Fighting       | |  1.7
Throwing       | |  0.8
Armour         | |  1.1
Dodging        | |  2.1
Spellcasting   | |  1.7
Translocations | |  3.2

Action                   |  1- 3 |  4- 6 || total
-------------------------+-------+-------++-------
Melee: Hand axe          |    38 |       ||    38
       Whip              |    84 |   343 ||   427
Throw: Tomahawk          |     5 |       ||     5
Evoke: Wand              |       |    21 ||    21
  Use: Scroll            |     5 |     1 ||     6
       Potion            |     1 |     8 ||     9
  Eat: Chunk             |     2 |     8 ||    10
Armor: Leather armour    |    42 |    66 ||   108
       Skin              |       |    76 ||    76
Dodge: Dodged            |    88 |   176 ||   264
